cohdb
Replays
Latest Replays
All Replays
Popular Replays
Top Player Replays
Match Explorer
How It Works
Community
CoH3 Stats
Reddit
Sign in to upload your games and track your stats! →
Sign in with Steam
Match 38899268
Unlisted
Match 38899268
Overview
Messages
Build Orders
End
Kettenkrad Recon Vehicle
Selects Luftwaffe Battlegroup
Selects Luftwaffe Pioneer Support
Fallschirmpioneer Squad Paradrop
Construct Infanterie Kompanie
Construct Panzergrenadier Kompanie
Panzergrenadier Squad
Selects Stuka Strafing Run
Panzergrenadier Squad
Medical Station
Panzergrenadier Squad
Construct Panzer Kompanie
Stoßtruppen Squad
Selects LG40 Recoilless Gun Paradrop
LG40 Recoilless Gun Paradrop
Stoßtruppen Squad
Stuka Strafing Run
Panzer IV Medium Tank
colinmeier50
IronCross
maxxximka0
mariopl97
0
0
Comments
sign in to comment!
No comments posted yet!